 Dungeon Crawl Stone Soup version 0.31-a0-826-ga5cc291a1b (webtiles) character file.

Game seed: 8934204898630735979

32 qw the Shooter (level 3, 0/22 HPs)
             Began as a Gargoyle Hunter on Sept 23, 2023.
             Slain by a worm (2 damage)
             ... on level 2 of the Dungeon.
             The game lasted 00:00:21 (864 turns).

qw the Shooter (Gargoyle Hunter)                     Turns: 864, Time: 00:00:21

Health: 0/22       AC:  6    Str: 13 (14) XL:     3   Next: 25%
Magic:  3/3        EV: 11    Int:  8 (9)  God:
Gold:   42         SH:  0    Dex: 12 (15) Spells: 2/2 levels left

rFire   . . .        Y - +1 shortbow
rCold   . . .        (shield currently unavailable)
rNeg    + . .        c - +0 leather armour
rPois   inf          (no helmet)
rElec   +            (no cloak)
rCorr   .            (no gloves)
SInv    .            (no boots)
Will    .....        (no amulet)
Stlth   +            (no ring)
HPRegen 0.23/turn    (no ring)
MPRegen 0.08/turn

%: no passive effects
@: no status effects
A: sickness immunity, AC +3, negative energy resistance 1, electricity
resistance, torment resistance 1, petrification resistance
a: no special abilities


You were on level 2 of the Dungeon.
You visited 1 branch of the dungeon, and saw 2 of its levels.

You collected 42 gold pieces.


Innate Abilities, Weirdness & Mutations

You are immune to sickness and miasma.
Your stone body is resilient. (AC +3)
You are immune to poison.
You resist negative energy. (rN+)
You are resistant to electric shocks. (rElec)
You are resistant to unholy torment.
You are immune to petrification.


   Skills:
 + Level 2.3 Fighting
 - Level 5.0 Ranged Weapons
 - Level 1.5 Dodging
 - Level 1.1 Stealth


You had 2 spell levels left.
You didn't know any spells.
Your spell library was empty.

Inventory:

Hand Weapons
 Y - a +1 shortbow (weapon)
Armour
 c - a +0 leather armour (worn)
Jewellery
 a - a ring of protection from cold
Potions
 h - a potion of brilliance {unknown}
 j - a potion of haste {unknown}

Dungeon Overview and Level Annotations

Branches:
Dungeon (2/15)

Altars:


Message History

You are frozen.
The endoplasm barely misses you.
You shoot an arrow. The arrow hits the endoplasm.
The endoplasm is almost dead.
The endoplasm freezes you.
You are frozen.
You shoot an arrow. The arrow barely misses the endoplasm.
The endoplasm hits you but does no damage.
You shoot an arrow.
The arrow hits the endoplasm but does no damage.
The endoplasm is severely wounded.
The endoplasm freezes you.
You are frozen.
You shoot an arrow. The arrow hits the endoplasm.
You kill the endoplasm!
You start resting.
A worm is nearby!
You shoot an arrow. The arrow hits the worm.
The worm is lightly wounded.
The worm bites you.
You shoot an arrow. The arrow barely misses the worm.
The worm barely misses you.
You shoot an arrow. The arrow hits the worm.
The worm is lightly wounded.
You shoot an arrow. The arrow hits the worm.
The worm is moderately wounded.
The worm bites you but does no damage.
You shoot an arrow. The arrow barely misses the worm.
The worm bites you but does no damage.
You shoot an arrow. The arrow hits the worm.
The worm is heavily wounded.
You shoot an arrow.
The arrow hits the worm but does no damage.
The worm is heavily wounded.
The worm bites you.
You shoot an arrow. The arrow barely misses the worm.
The worm barely misses you.
You shoot an arrow. The arrow hits the worm!
The worm is severely wounded.
The worm bites you.
You die...

#.......#
#.##>##.#
#.##.##.#
#.##.##)###
#.##.#....###
#.##........#
#.....#####.#
####.. #.#
#..# #@# #.
#...w$# ##
#$.$#.#
#.#(#.. # #
#.. ...# #..#
#.##


You could see a worm.

Vanquished Creatures
  A dart slug (D:2)
  An orc (D:2)
  2 endoplasms
  5 hobgoblins
  2 quokkas (D:1)
  5 ball pythons
  A frilled lizard (D:1)
  2 goblins (D:1)
  2 kobolds (D:1)
  7 rats
28 creatures vanquished.

Notes
Turn   | Place    | Note
-------+----------+-------------------------------------------
     0 | D:1      | qw the Gargoyle Hunter began the quest for the Orb.
     0 | D:1      | Reached XP level 1. HP: 12/12 MP: 1/1
     0 | D:1      | 0 ||| qw: Version: 0.3-a-83-gcd0e7d8
     0 | D:1      | 0 ||| qw: Game counter: 1896
     0 | D:1      | 0 ||| qw: Melee chars always use a shield: true
     0 | D:1      | 0 ||| qw: God list: Okawaru
     0 | D:1      | 0 ||| qw: Allow faded altars: false
     0 | D:1      | 0 ||| qw: Do Orc after clearing Dungeon:15 true
     0 | D:1      | 0 ||| qw: Do second Lair branch before Depths: true
     0 | D:1      | 0 ||| qw: Lair rune preference: random
     0 | D:1      | 0 ||| qw: Goals: Normal
     0 | D:1      | 0 ||| PLANNING D:1-11
   250 | D:1      | Reached XP level 2. HP: 17/17 MP: 2/2
   717 | D:1      | 717 ||| READING scroll labelled YDYIDI MUENWEC.
   721 | D:1      | 721 ||| READING scroll labelled RUSTIY DERIESU.
   722 | D:1      | 722 ||| READING scroll labelled HALACL UGHU.
   723 | D:1      | 723 ||| READING scroll labelled NAUBE XOMIMNAP.
   724 | D:1      | 724 ||| READING scroll labelled ZUMIAFIUBI.
   725 | D:1      | 725 ||| DRINKING 2 coppery potions.
   726 | D:1      | 726 ||| DROPPING scroll of butterflies.
   727 | D:1      | 727 ||| DROPPING potion of degeneration.
   822 | D:2      | Reached XP level 3. HP: 21/21 MP: 3/3
   841 | D:2      | HP: 5/21 [hobgoblin (4)]
   845 | D:2      | Reached skill level 5 in Ranged Weapons
   851 | D:2      | HP: 2/21 [frozen (4)]
   856 | D:2      | HP: 2/22 [worm (1)]
   862 | D:2      | HP: 1/22 [worm (2)]
   864 | D:2      | Slain by a worm

Levels and vault maps discovered:
D:1:      dpeg_arrival_prison, layout_loops_ring
D:2:      layout_loops_cross, minmay_split_cup_large, uniq_robin, uniq_natasha

Skill      XL: |  1  2  3 |
---------------+----------+-----
Ranged Weapons | 5 |  5.0
Fighting       | |  2.3
Dodging        | |  1.5
Stealth        | |  1.1

Action                     || total
---------------------------++-------
   Fire: Shortbow          ||    88
    Use: Scroll            ||     5
         Potion            ||     1
 Armour: Leather armour    ||    26
  Dodge: Dodged            ||    19

Table legend:
 A = Non-vault XP
 B = Vault XP
 C = Vault XP percentage of total XP
 D = Non-vault monster count
 E = Vault monster count
 F = Vault count percentage of total count
                 A         B        C        D         E       F
            +---------+---------+-------+---------+---------+-------
      Total |      36 |      10 |  21.7 |      21 |       7 |  25.0
            +---------+---------+-------+---------+---------+-------
        D:1 |      27 |       3 |  10.0 |      18 |       3 |  14.3
        D:2 |       9 |       7 |  43.8 |       3 |       4 |  57.1
            +---------+---------+-------+---------+---------+-------
